 Dungeon Crawl Stone Soup version 0.23-b1-58-ge3fafae (webtiles) character file.

Game seed: 8910077884570568604

3873 HEYYEYAAE the Quickloader (level 10, 0/65 HPs)
             Began as an Octopode Hunter on Feb 4, 2019.
             Slain by an adder (2 damage)
             ... on level 9 of the Dungeon.
             The game lasted 00:14:09 (10008 turns).

HEYYEYAAE the Quickloader (Octopode Hunter)        Turns: 10008, Time: 00:14:10

Health: 0/65       AC:  1    Str: 13    XL:     10   Next: 19%
Magic:  10/10      EV: 15    Int: 13    God:
Gold:   421        SH:  0    Dex: 15    Spells: 9/9 levels left

rFire    x . .     SeeInvis .   q - +0 dagger (elec)
rCold    + . .     Gourm    .   (no shield)
rNeg     + . .     Faith    .   (helmet restricted)
rPois    +         Spirit   .   (no amulet)
rElec    .         Reflect  .   n - ring of resist corrosion
rCorr    +         Harm     .   v - ring of wizardry
MR       .....                  b - ring of Oplufakorr {Ice rPois rN+ Stlth+}
Stlth    ++++......             (no ring)
HPRegen  0.20/turn              (no ring)
MPRegen  0.12/turn              (no ring)
                                (no ring)
                                (no ring)

@: lethally poisoned (0 -> -1)
A: almost no armour, stealthy swim, amphibious, 8 rings, constrict 8, camouflage
1, gelatinous body 1
a: no special abilities


You were on level 9 of the Dungeon.
You were not hungry.

You visited 2 branches of the dungeon, and saw 11 of its levels.
You also visited: Ossuary.

You collected 421 gold pieces.

Inventory:

Hand Weapons
 a - a +1 hand crossbow
 e - a +0 whip of venom
 m - a +0 arbalest
 q - a +0 dagger of electrocution (weapon)
 y - a +2 flail of draining
Missiles
 c - 10 bolts
Jewellery
 b - the ring of Oplufakorr (on tentacle) {Ice rPois rN+ Stlth+}
   (You found it on level 9 of the Dungeon)

   [ring of ice]

   It enhances your ice magic.
   It makes you vulnerable to fire.
   It protects you from cold.
   It protects you from poison.
   It protects you from negative energy.
   It makes you more stealthy.
 n - a ring of resist corrosion (left tentacle)
 v - a ring of wizardry (right tentacle)
Wands
 p - a wand of polymorph (3)
 u - a wand of digging (2)
Scrolls
 g - 2 scrolls of amnesia
 h - 3 scrolls of noise
 k - 5 scrolls of remove curse
 l - a scroll of immolation {unknown}
 w - a scroll of enchant weapon
Potions
 f - a potion of cancellation
 i - 2 potions of flight
 t - a potion of magic
Comestibles
 d - 19 rations


   Skills:
 - Level 4.4 Fighting
 * Level 13.2 Crossbows
 - Level 4.5 Dodging
 - Level 1.3 Stealth


You had 9 spell levels left.
You didn't know any spells.
Your spell library was empty.

Dungeon Overview and Level Annotations

Branches:
Dungeon (10/15)            Temple (1/1) D:4
   Lair: D:8-11         Orc: D:9-12

Altars:
Ashenzari
Cheibriados
Dithmenos
Elyvilon
Fedhas
Gozag
Hepliaklqana
Kikubaaqudgha
Makhleb
Nemelex Xobeh
Okawaru
Qazlal
Sif Muna
Trog
Uskayaw
Vehumet
Wu Jian
Xom
Yredelemnul
Zin
The Shining One
Lugonu

Annotations:
D:8 1 transporter
D:9 Maurice


Innate Abilities, Weirdness & Mutations

You cannot wear most types of armour.
You are very stealthy in the water. (Stealth+)
You are amphibious.
You can wear up to eight rings at the same time.
You can use your tentacles to constrict eight enemies at once.
Your skin changes colour to match your surroundings (Stealth+).
Your rubbery body absorbs attacks. (AC +1, EV +1)


Message History

The adder bites you.
* * * LOW HITPOINT WARNING * * *
You are poisoned.
The adder poisons you!
Okay, then.
Okay, then.
Put on which piece of jewellery? (? for menu, Esc to quit)
You feel more attuned to ice.
b - the ring of Oplufakorr (on tentacle) {Ice rPois rN+ Stlth+}
* * * LOW HITPOINT WARNING * * *
You feel sick. The adder closely misses you.
* * * LOW HITPOINT WARNING * * *
You feel sick. The adder completely misses you.
Wield which item (- for none, * to show all)? (? for menu, Esc to quit)
You hear the crackle of electricity.
q - a +0 dagger of electrocution (weapon)
You closely miss the adder. Your grab misses the adder.
The adder barely misses you. The adder bites you.
You die...

#
#######....
#tS@.......
#.####.####
####### #.#
.....
......#
#.#......
#####.#
#4#......
#.#
##....._..
#.#
#..#......
#.#
#..#......
#.# #..#
.....


You could see a crocodile and an adder.

Vanquished Creatures
  A hellwing (D:9)
  A spriggan (D:7)
  A water moccasin (D:9)
  2 orc warriors
  2 sky beasts
  An ice beast (D:7)
  A necrophage (D:6)
  An ogre (D:8)
  2 centaurs
  5 bullfrogs
  A scorpion (D:9)
  A water moccasin skeleton (D:5)
  2 water moccasin zombies (Ossuary)
  7 killer bees
  A wight (D:8)
  2 vampire bats (D:5)
  A bullfrog zombie (D:9)
  4 crimson imps
  3 hounds
  4 orc priests
  A jelly (D:7)
  2 bullfrog skeletons (D:9)
  2 centaur skeletons
  2 iguanas
  6 orc wizards
  6 worker ants
  A big kobold zombie (Ossuary)
  A hound zombie (D:7)
  2 hound skeletons
  A howler monkey zombie (D:7)
  2 mummies (Ossuary)
  A worker ant zombie (D:7)
  4 gnolls (D:6)
  16 adders
  A shadow imp (D:9)
  An ooze (D:2)
  A worm (D:3)
  4 adder zombies (Ossuary)
  3 dart slugs
  6 leopard geckos
  23 orcs
  4 bat skeletons (D:5)
  A bat zombie (D:5)
  11 giant cockroaches
  A gnoll zombie (Ossuary)
  10 hobgoblins
  9 jackals
  A quokka (D:7)
  8 bats
  7 frilled lizards
  9 goblins
  8 hobgoblin zombies (Ossuary)
  4 kobolds
  6 kobold zombies (Ossuary)
  A leopard gecko zombie (D:5)
  4 orc zombies (Ossuary)
  7 rats
220 creatures vanquished.

Vanquished Creatures (others)
  A plant (D:8)
1 creature vanquished.

Grand Total: 221 creatures vanquished

Notes
Turn   | Place    | Note
-------+----------+-------------------------------------------
     0 | D:1      | HEYYEYAAE the Octopode Hunter began the quest for the Orb.
     0 | D:1      | Reached XP level 1. HP: 14/14 MP: 1/1
   130 | D:1      | Reached XP level 2. HP: 19/19 MP: 2/2
   347 | D:1      | Reached XP level 3. HP: 24/24 MP: 3/3
   375 | D:1      | Reached skill level 5 in Crossbows
  1086 | D:2      | Reached XP level 4. HP: 29/29 MP: 4/4
  1563 | D:2      | Found an opulent altar of Gozag.
  1689 | D:3      | Reached skill level 6 in Crossbows
  1691 | D:3      | Reached XP level 5. HP: 34/34 MP: 5/5
  2197 | D:3      | Found a burning altar of Makhleb.
  2199 | D:3      | Found a radiant altar of Vehumet.
  2235 | D:3      | Reached skill level 7 in Crossbows
  2254 | D:3      | Reached XP level 6. HP: 33/39 MP: 6/6
  2680 | D:4      | Found a staircase to the Ecumenical Temple.
  2746 | Temple   | Entered the Ecumenical Temple
  3136 | D:4      | Found a hide-covered altar of Uskayaw.
  3552 | D:5      | Entered Level 5 of the Dungeon
  3556 | D:5      | Reached skill level 8 in Crossbows
  3571 | D:5      | Reached XP level 7. HP: 45/45 MP: 7/7
  3927 | D:5      | Found a sparkling altar of Nemelex Xobeh.
  3973 | D:5      | Found an ancient bone altar of Kikubaaqudgha.
  3996 | D:5      | Reached skill level 9 in Crossbows
  4105 | D:5      | Found a stormy altar of Qazlal.
  4449 | D:6      | Reached XP level 8. HP: 33/49 MP: 8/8
  4527 | D:6      | Found a basalt altar of Yredelemnul.
  4885 | D:6      | Reached skill level 10 in Crossbows
  5803 | D:7      | Found a sand-covered staircase.
  5818 | Ossuary  | Entered an ossuary
  6360 | D:7      | Reached skill level 11 in Crossbows
  6369 | D:7      | Reached XP level 9. HP: 29/57 MP: 9/9
  6843 | D:8      | Found a radiant altar of Vehumet.
  7559 | D:8      | HP: 4/88 [crimson imp (2)]
  7560 | D:8      | HP: 1/88 [crimson imp (2)]
  7568 | D:8      | HP: 2/59 [crimson imp (4)]
  8175 | D:8      | Found a transporter.
  8270 | D:9      | Reached skill level 12 in Crossbows
  8873 | D:9      | Noticed a hellwing
  8878 | D:9      | Found an iron altar of Okawaru.
  8884 | D:9      | Found a glowing golden altar of the Shining One.
  8887 | D:10     | Entered Level 10 of the Dungeon
  8919 | D:10     | Reached XP level 10. HP: 65/65 MP: 10/10
  9407 | D:9      | Reached skill level 13 in Crossbows
  9631 | D:9      | HP: 3/65 [hellwing (13)]
  9969 | D:9      | Noticed Maurice
  9970 | D:9      | Noticed Maurice
  9970 | D:9      | Maurice changed into Maurice the steam dragon
  9990 | D:9      | Got a translucent ivory ring
  9998 | D:9      | Found a deep blue altar of Sif Muna.
 10002 | D:9      | HP: 3/65 [adder (4)]
 10003 | D:9      | Identified the ring of Oplufakorr {Ice rPois rN+ Stlth+}
                  | (You found it on level 9 of the Dungeon)
 10008 | D:9      | Slain by an adder

Skill      XL: |  1  2  3  4  5  6  7  8  9 10 |
---------------+-------------------------------+-----
Crossbows      | 5 6 7 8 9 11 12 13 | 13.2
Fighting       | 3 4 |  4.4
Dodging        | 3 4 |  4.5
Stealth        | |  1.3

Action                   |  1- 3 |  4- 6 |  7- 9 | 10-12 || total
-------------------------+-------+-------+-------+-------++-------
Melee: Short sword       |       |    22 |     5 |       ||    27
       Constrict         |       |     7 |    57 |     2 ||    66
       Tentacles         |       |     3 |    36 |     3 ||    42
       Mace              |       |       |    65 |       ||    65
       Dagger            |       |       |   184 |    21 ||   205
 Fire: Hand crossbow     |    70 |   133 |    73 |    34 ||   310
       Arbalest          |       |       |       |    19 ||    19
Evoke: Wand              |       |    12 |    23 |     5 ||    40
  Use: Potion            |       |     3 |    15 |     2 ||    20
       Scroll            |       |     9 |     9 |     3 ||    21
 Stab: Sleeping          |       |     1 |     9 |       ||    10
       Distracted        |       |       |     1 |       ||     1
       Invisible         |       |       |     1 |       ||     1
  Eat: Chunk             |       |     7 |     4 |       ||    11
       Ration            |       |       |     4 |     1 ||     5
Armor: Skin              |     1 |     3 |    73 |     4 ||    81
Dodge: Dodged            |    11 |    68 |   224 |    49 ||   352
